[Event "Czech Extraliga 2023-24"]
[Site "Czech Republic"]
[Date "2024.04.06"]
[Round "10.4"]
[White "Vykouk, Jan"]
[Black "Janik, Igor"]
[Result "0-1"]
[ECO "B11"]
[WhiteElo "2509"]
[BlackElo "2502"]
[Annotator "RC"]
[PlyCount "64"]
[EventDate "2023.10.14"]
[EventCountry "CZE"]
[SourceTitle "playchess.com"]
[Source "ChessBase"]
[SourceQuality "1"]
[TimeControl "40/5400+30:1800+30"]

1. e4 c6 2. Nf3 d5 3. Nc3 Bg4 4. h3 Bxf3 5. Qxf3 e6 6. Be2 Bc5 7. Qg3 Bd4 8. d3 Ne7 9. Bd1 O-O 10. Ne2 Bb6 11. c3 Bc7 12. f4 Nd7 13. e5 Nf5 14. Qf2 f6 15. g4 Ne7 16. exf6 Nxf6 17. Qe3 Ng6 18. O-O e5 19. f5 Bb6 20. d4 exd4 21. Qe6+ Kh8 22. fxg6 dxc3+ 23. Kh1 Ne4 24. Rxf8+ Qxf8 25. Qf7 hxg6 26. Qxf8+ Rxf8 27. Bf4 g5 28. Bg3 Rf1+ 29. Kg2 Nxg3 30. Nxc3 Rg1+ 31. Kf3 Nf1 32. Ke2 Ne3 0-1

[Event "Czech Extraliga 2023-24"]
[Site "Czech Republic"]
[Date "2024.04.06"]
[Round "10.4"]
[White "Cvek, Robert"]
[Black "Rasik, Vitezslav"]
[Result "1/2-1/2"]
[ECO "A15"]
[WhiteElo "2450"]
[BlackElo "2411"]
[Annotator "TA"]
[PlyCount "62"]
[EventDate "2023.10.14"]
[EventCountry "CZE"]
[SourceTitle "playchess.com"]
[Source "ChessBase"]
[SourceQuality "1"]
[TimeControl "40/5400+30:1800+30"]

1. Nf3 g6 2. g3 Bg7 3. Bg2 Nf6 4. b3 d6 5. Bb2 e5 6. c4 O-O 7. O-O Re8 8. d3 Nbd7 9. Nc3 c6 10. Nd2 Nf8 11. Nde4 Be6 12. Rc1 {[%emt 0:11:00] White is slightly better.} Re7 13. Nxf6+ Bxf6 {[%emt 0:00:36] [#]} 14. d4 $1 Bf5 (14... exd4 15. Ne4) 15. d5 c5 16. e4 Bd7 17. a3 Bg7 18. b4 b6 19. Rb1 f5 20. bxc5 bxc5 21. Bc1 {[%emt 0:00:18] [#] Bg5 would now be deadly.} Rf7 22. Nb5 Bc8 23. Bd2 f4 24. f3 h5 25. Qa4 a6 {[%emt 0:02:06] And now ...Bd7 would win.} 26. Nc3 Bd7 {[%emt 0:02:18] Repels Qc6} 27. Qc2 fxg3 (27... g5 $15 {was preferrable.}) 28. hxg3 $11 {[%emt 0:00:05] The position is equal.} h4 29. g4 Bf6 30. Nd1 Nh7 31. Nf2 Ng5 {[%emt 0:01:16] Weighted Error Value: White=0.10 (very precise) /Black=0.13 (very precise) .  Mistake:       	---       	Black=1      Inaccurate:     	White=4     	Black=4      OK:         	White=9     	Black=8      Best:        	White=1     	---} 1/2-1/2

[Event "Czech Extraliga 2023-24"]
[Site "Czech Republic"]
[Date "2024.04.06"]
[Round "10.4"]
[White "Zwardon, Vojtech"]
[Black "Bernasek, Jan"]
[Result "1-0"]
[ECO "A30"]
[WhiteElo "2447"]
[BlackElo "2505"]
[Annotator "TA"]
[PlyCount "73"]
[EventDate "2023.10.14"]
[EventCountry "CZE"]
[SourceTitle "playchess.com"]
[Source "ChessBase"]
[SourceQuality "1"]
[TimeControl "40/5400+30:1800+30"]

1. c4 Nf6 2. Nf3 e6 3. b3 b6 4. Bb2 Bb7 5. e3 c5 6. Be2 Be7 7. O-O d6 8. Nc3 O-O {[%emt 0:00:21] The position is equal.} 9. Rc1 Nbd7 10. Qc2 a6 11. Rfd1 Qc7 12. d4 Rfe8 13. d5 exd5 14. cxd5 b5 15. e4 Bf8 16. Bd3 $1 Rac8 17. Nb1 g6 18. Nbd2 Bg7 19. a4 Qb6 20. h3 Nh5 21. Bxg7 Nxg7 22. Bf1 Rb8 23. Nb1 (23. Qd3 $14) 23... Bc8 (23... f5 $11) 24. Na3 $16 Qa5 25. Ra1 c4 $2 {[%emt 0:09:14] [#] Loses the game.} 26. axb5 (26. bxc4 b4 27. Nb1 Nc5 $14) 26... cxb3 27. Qxb3 Rxe4 28. Qc2 Nc5 29. bxa6 {[%emt 0:00:48][%cal Oa3b5] Nb5! is the strong threat.} Qa4 30. Qc3 Rb3 {[%emt 0:01:31] [#]} (30... Bxa6 {is tougher.} 31. Nc2 Rc4 32. Bxc4 (32. Rxa4 Rxc3 33. Rb4 Rxb4 $15) 32... Qxc4 33. Qxc4 Bxc4) 31. Qf6 $18 Rxa3 32. Ng5 Re8 33. Qxf7+ Kh8 34. Rxa3 Qxa3 35. Bb5 (35. Re1 $142 Be6 36. Nxe6 (36. dxe6 h6 $18) 36... Ncxe6 37. Rxe6 (37. dxe6 Qa2 $18)) 35... Rg8 36. Qf6 h6 37. Qxg6 {[%emt 0:00:02] Weighted Error Value: White=0.15 (very precise) /Black=0.67.  Mistake:       	White=1     	Black=3      Inaccurate:     	White=3     	Black=4      OK:         	White=11    	Black=7      Strong:       	White=1     	---} 1-0

[Event "Czech Extraliga 2023-24"]
[Site "Czech Republic"]
[Date "2024.04.06"]
[Round "10.4"]
[White "Vlasak, Lukas"]
[Black "Ponizil, Cyril"]
[Result "1/2-1/2"]
[ECO "E61"]
[WhiteElo "2434"]
[BlackElo "2467"]
[Annotator "RC"]
[PlyCount "83"]
[EventDate "2023.10.14"]
[EventCountry "CZE"]
[SourceTitle "playchess.com"]
[Source "ChessBase"]
[SourceQuality "1"]
[TimeControl "40/5400+30:1800+30"]

1. d4 Nf6 2. c4 g6 3. Nc3 Bg7 4. Nf3 O-O 5. Bg5 d6 6. e3 Qe8 7. Be2 e5 8. O-O h6 9. Bh4 Nc6 10. dxe5 Nxe5 11. Qb3 Ned7 12. Nd4 Nc5 13. Qc2 c6 14. Rad1 a5 15. Bf3 Nfd7 16. Bg3 Ne5 17. Be2 f5 18. Rfe1 Be6 19. b3 Rd8 20. a3 Qf7 21. h3 Bc8 22. Bf1 Rfe8 23. Rd2 g5 24. f3 Ng6 25. Bf2 f4 26. e4 Qf6 27. Red1 h5 28. b4 axb4 29. axb4 Ne6 30. Nxe6 Bxe6 31. e5 Nxe5 32. Ne4 Qf5 33. Nxd6 Qxc2 34. Rxc2 Rf8 35. Rcd2 g4 36. hxg4 hxg4 37. Be2 Rd7 38. fxg4 Nxg4 39. Ne4 Rxd2 40. Rxd2 Nxf2 41. Kxf2 Bf5 42. Bf3 1/2-1/2

[Event "Czech Extraliga 2023-24"]
[Site "Czech Republic"]
[Date "2024.04.06"]
[Round "10.4"]
[White "Miesbauer, Jan"]
[Black "Movsesian, Sergei"]
[Result "1/2-1/2"]
[ECO "B43"]
[WhiteElo "2392"]
[BlackElo "2616"]
[Annotator "TA"]
[PlyCount "86"]
[EventDate "2023.10.14"]
[EventCountry "CZE"]
[SourceTitle "playchess.com"]
[Source "ChessBase"]
[SourceQuality "1"]
[TimeControl "40/5400+30:1800+30"]

1. e4 c5 2. Nf3 e6 3. d4 cxd4 4. Nxd4 a6 5. Nc3 Qc7 6. Be3 Nf6 7. a3 b5 8. f3 {[%emt 0:02:01] B43: Sicilian: Kan Variation: 5 Nc3.} Bb7 9. Qd2 Nc6 10. Nb3 Ne5 11. Qf2 d5 12. Bb6 Qc8 $146 ({Predecessor:} 12... Qb8 13. O-O-O Ned7 14. Na5 Bc8 15. Be3 Qc7 16. Nb3 Bb7 17. exd5 Nxd5 18. Nxd5 Bxd5 {0-1 Sarmiento Afonso,S (2183)-Garcia Blanco,O (2204) Las Palmas Insular-chT Pref 2011 (11.1)}) 13. Bd4 Bd6 14. f4 $1 Neg4 (14... Nxe4 $2 15. Nxe4 dxe4 16. fxe5 $18) 15. Qd2 ({White should try} 15. Qg3 $11 dxe4 16. h3) 15... e5 (15... Nxe4 $15 16. Nxe4 dxe4 17. Bxg7 Rg8 18. Qxd6 Qxc2 (18... Rxg7 19. Nd4 $17)) 16. fxe5 $11 Nxe5 17. exd5 O-O $1 18. O-O-O Qc7 ({Black should play} 18... Rd8 $11) 19. Kb1 (19. Bxb5 $5 axb5 20. Nxb5 $14) 19... Rac8 20. Bd3 $1 Rfe8 {[%emt 0:08:38] [#]} (20... Bxd5 $14 21. Qg5 h6 (21... Nxd3 22. Bxf6 g6 23. Qh6 Bxb3 24. Qg7#) 22. Qxf6 (22. Nxd5 Nxd5 23. Qg3 g6 $11) 22... gxf6 23. Nxd5 Qb8) 21. Rhf1 (21. Bf5 $1 $16 ) 21... Nxd5 $14 22. Bf5 Rcd8 23. Qg5 h6 24. Qg3 Ne7 25. Be4 N7g6 (25... Bxe4 $1 $11 26. Nxe4 N7g6) 26. Nd5 $14 Qb8 $2 {[%emt 0:03:52] [#]} (26... Bxd5 $14 27. Bxd5 Rd7) 27. Qf2 $2 (27. Rxf7 $1 $18 Kxf7 28. Bxg6+ Kg8 (28... Nxg6 $2 {perishes.} 29. Rf1+ $18) 29. Bxe8 (29. Nf6+ gxf6 30. Bxe8+ Kh8 $18) 29... Bxd5 30. Bh5 Bxb3 31. cxb3 (31. Qxb3+ Nc4 $18)) 27... Rf8 28. Bc3 (28. Ba7 $5 Qc8 29. Bb6 Bxd5 (29... Ng4 30. Qd4 $16) 30. Bxd5 $14) 28... f5 29. Bxf5 Bxd5 $1 30. Rxd5 Ne7 $1 31. Be6+ Kh8 (31... Kh7 $5 32. Qe2 (32. Qxf8 Rxf8 33. Rxf8 Qxf8 $11) 32... Nxd5 33. Bxd5 Rxf1+ 34. Qxf1 Qc8 $11) 32. Qxf8+ Rxf8 33. Rxf8+ Qxf8 34. Rxd6 N7c6 35. Rd1 Qe7 (35... Nc4 $14) 36. Bd5 (36. Bc8 $16) 36... b4 $1 $11 37. axb4 Nxb4 38. Be4 Nec6 $1 39. Re1 Qf7 40. Bf3 Nd5 41. Bd2 Ndb4 42. Bc3 Nd5 43. Bd2 Ndb4 1/2-1/2

[Event "Czech Extraliga 2023-24"]
[Site "Czech Republic"]
[Date "2024.04.06"]
[Round "10.5"]
[White "Laznicka, Viktor"]
[Black "Omelja, Artem"]
[Result "1/2-1/2"]
[ECO "C65"]
[WhiteElo "2597"]
[BlackElo "2444"]
[Annotator "RC"]
[PlyCount "81"]
[EventDate "2023.10.14"]
[EventCountry "CZE"]
[SourceTitle "playchess.com"]
[Source "ChessBase"]
[SourceQuality "1"]
[TimeControl "40/5400+30:1800+30"]

1. e4 e5 2. Nf3 Nc6 3. Bb5 Nf6 4. d3 Bc5 5. Bxc6 dxc6 6. Qe2 Nd7 7. Be3 Qe7 8. Nbd2 Nf8 9. O-O-O Bg4 10. h3 Bxf3 11. Nxf3 O-O-O 12. g3 Bxe3+ 13. fxe3 f6 14. g4 Ne6 15. Rdg1 h6 16. h4 b5 17. h5 Kb7 18. Kb1 Rd7 19. Rc1 Rhd8 20. Rhd1 a6 21. Nh4 Nc5 22. Nf5 Qe6 23. Qg2 Qe8 24. Rd2 Ne6 25. Rcd1 Ng5 26. a3 Qe6 27. b3 Kb6 28. Kb2 c5 29. Qe2 Qc6 30. Ka2 Ka7 31. Ng3 Qb6 32. Rb1 Qa5 33. Rdd1 c6 34. Kb2 Qb6 35. Ra1 Kb7 36. a4 a5 37. Qe1 Ra8 38. Qc3 Ne6 39. Nf5 Qa6 40. Rdb1 b4 41. Qc4 1/2-1/2

[Event "Czech Extraliga 2023-24"]
[Site "Czech Republic"]
[Date "2024.04.06"]
[Round "10.5"]
[White "Nagy, Gabor"]
[Black "Haba, Petr"]
[Result "1/2-1/2"]
[ECO "D46"]
[WhiteElo "2436"]
[BlackElo "2437"]
[Annotator "TA"]
[PlyCount "65"]
[EventDate "2023.10.14"]
[EventCountry "CZE"]
[SourceTitle "playchess.com"]
[Source "ChessBase"]
[SourceQuality "1"]
[TimeControl "40/5400+30:1800+30"]

1. d4 d5 2. c4 c6 3. Nf3 Nf6 4. e3 e6 5. Bd3 dxc4 6. Bxc4 Nbd7 7. O-O Bd6 8. Nc3 O-O 9. e4 e5 10. Be3 exd4 11. Bxd4 {[%emt 0:01:22] Strongly threatening e5.} Qc7 12. Kh1 Ne5 13. Nxe5 Bxe5 14. Bxe5 Qxe5 15. f4 Qc5 16. Bd3 Rd8 17. Qf3 Qh5 18. Qxh5 Nxh5 19. Be2 Nf6 20. h3 Kf8 21. Rad1 {[%emt 0:06:36] Repels Rd2} Rxd1 22. Rxd1 Ke7 23. g4 Nd7 24. Kg2 h6 {[%emt 0:02:53] The position is equal.} 25. h4 (25. e5 {with more complications.} g5 26. e6 Nf6 27. exf7 Be6 28. f8=R) 25... f6 26. h5 a5 27. Kf3 Nc5 28. Ke3 Be6 29. b3 Rd8 30. Rc1 Kd6 31. Rd1+ Ke7 32. Rc1 Kd6 33. Rd1+ {[%emt 0:00:07] Weighted Error Value: White=0.07 (flawless) /Black=0.05 (flawless) .  Inaccurate:     	White=1     	Black=1      OK:         	White=6     	Black=11} 1/2-1/2

[Event "Czech Extraliga 2023-24"]
[Site "Czech Republic"]
[Date "2024.04.06"]
[Round "10.5"]
[White "Rubes, Jan"]
[Black "Kraus, Tomas"]
[Result "1/2-1/2"]
[ECO "D36"]
[WhiteElo "2432"]
[BlackElo "2488"]
[Annotator "RC"]
[PlyCount "24"]
[EventDate "2023.10.14"]
[EventCountry "CZE"]
[SourceTitle "playchess.com"]
[Source "ChessBase"]
[SourceQuality "1"]
[TimeControl "40/5400+30:1800+30"]

1. d4 d5 2. c4 e6 3. Nc3 Nf6 4. Nf3 Nbd7 5. Bg5 Be7 6. e3 c6 7. Bd3 h6 8. Bh4 O-O 9. cxd5 exd5 10. O-O Ne4 11. Bxe7 Qxe7 12. Qc2 Re8 1/2-1/2

[Event "Czech Extraliga 2023-24"]
[Site "Czech Republic"]
[Date "2024.04.06"]
[Round "10.5"]
[White "Jurcik, Marian"]
[Black "Piesik, Piotr"]
[Result "1/2-1/2"]
[ECO "D15"]
[WhiteElo "2420"]
[BlackElo "2417"]
[Annotator "TA"]
[PlyCount "37"]
[EventDate "2023.10.14"]
[EventCountry "CZE"]
[SourceTitle "playchess.com"]
[Source "ChessBase"]
[SourceQuality "1"]
[TimeControl "40/5400+30:1800+30"]

1. c4 c6 2. Nf3 d5 3. e3 Nf6 4. Nc3 a6 5. d4 b5 6. b3 Bg4 7. Be2 e6 8. O-O Nbd7 9. Nd2 Bxe2 10. Qxe2 Qa5 11. Bb2 Ba3 12. Bxa3 Qxa3 13. c5 e5 14. f4 e4 15. Ndb1 Qa5 16. a3 Qc7 17. b4 a5 18. Nd2 (18. Nxb5 $5 cxb5 19. Nc3 $11) 18... h5 19. Nb3 {[%emt 0:06:06] Weighted Error Value: White=0.11 (very precise) /Black=0.07 (flawless) .  Inaccurate:     	White=2     	---        OK:         	White=6     	Black=3} 1/2-1/2

[Event "Czech Extraliga 2023-24"]
[Site "Czech Republic"]
[Date "2024.04.06"]
[Round "10.5"]
[White "Blahynka, Martin"]
[Black "Simacek, Pavel"]
[Result "1/2-1/2"]
[ECO "A29"]
[WhiteElo "2375"]
[BlackElo "2456"]
[Annotator "RC"]
[PlyCount "236"]
[EventDate "2023.10.14"]
[EventCountry "CZE"]
[SourceTitle "playchess.com"]
[Source "ChessBase"]
[SourceQuality "1"]
[TimeControl "40/5400+30:1800+30"]

1. c4 e5 2. Nc3 Nf6 3. Nf3 Nc6 4. g3 Nd4 5. Bg2 Nxf3+ 6. Bxf3 Bb4 7. Qb3 a5 8. a3 Bxc3 9. Qxc3 d6 10. b4 axb4 11. axb4 Rxa1 12. Qxa1 O-O 13. Bb2 c6 14. O-O Bg4 15. Bxg4 Nxg4 16. f3 Nh6 17. Qa7 Qd7 18. Ra1 Nf5 19. Qb6 Ne7 20. Ra7 Rb8 21. Qe3 f6 22. d4 Qe6 23. Qd3 exd4 24. Bxd4 d5 25. c5 Qd7 26. Bf2 Rd8 27. Kg2 Ng6 28. Qd4 Qe7 29. b5 Qxe2 30. Rxb7 Ne5 31. Qe3 Qxe3 32. Bxe3 cxb5 33. f4 Nc6 34. Rxb5 d4 35. Bd2 Rd5 36. Kf3 f5 37. Ke2 d3+ 38. Ke3 Nd4 39. Rb8+ Kf7 40. Bc3 Ne6 41. Rb7+ Kg8 42. c6 Rc5 43. Bxg7 Rxc6 44. Be5 Rc2 45. Re7 Nc5 46. Rg7+ Kf8 47. Rc7 Re2+ 48. Kf3 Ne4 49. Bc3 Rxh2 50. Bb4+ Ke8 51. Re7+ Kd8 52. Re5 d2 53. Rd5+ Kc8 54. g4 Rh3+ 55. Kg2 Rg3+ 56. Kh2 fxg4 57. Bxd2 Rf3 58. Be1 Rf1 59. Bg3 Rf3 60. Be1 Re3 61. Ba5 Rh3+ 62. Kg2 h5 63. Re5 Rg3+ 64. Kh2 Re3 65. Rxh5 Re2+ 66. Kg1 g3 67. Re5 Kd7 68. Bb4 Kc6 69. f5 Rf2 70. Rxe4 Rxf5 71. Kg2 Kd5 72. Rg4 Re5 73. Rxg3 Re2+ 74. Kf3 Rb2 75. Bc3 Rb3 76. Ke2 Ke4 77. Re3+ Kd5 78. Kd3 Rb1 79. Re5+ Kd6 80. Rf5 Rh1 81. Bd4 Rd1+ 82. Ke4 Re1+ 83. Be3 Ke6 84. Re5+ Kd6 85. Rb5 Kc6 86. Rb6+ Kc7 87. Re6 Kd7 88. Ra6 Kc7 89. Kd4 Rd1+ 90. Kc5 Kd7 91. Bd4 Rf1 92. Kd5 Rf5+ 93. Be5 Rf7 94. Rh6 Ke7 95. Rh8 Kd7 96. Rb8 Ke7 97. Rb7+ Ke8 98. Rb6 Kd7 99. Bf6 Ke8 100. Bg5 Kd7 101. Rd6+ Kc8 102. Rc6+ Kd7 103. Bf6 Ke8 104. Re6+ Kd7 105. Be5 Rh7 106. Rf6 Ke7 107. Rf5 Rf7 108. Bd6+ Ke8 109. Rh5 Kd7 110. Be5 Ke7 111. Rh6 Kd7 112. Ra6 Ke7 113. Rd6 Ke8 114. Ke6 Re7+ 115. Kf5 Rd7 116. Ra6 Rb7 117. Rd6 Rd7 118. Rxd7 Kxd7 1/2-1/2

[Event "Czech Extraliga 2023-24"]
[Site "Czech Republic"]
[Date "2024.04.06"]
[Round "10.6"]
[White "Baklan, Vladimir"]
[Black "Mladek, Richard"]
[Result "1-0"]
[ECO "B90"]
[WhiteElo "2531"]
[BlackElo "2400"]
[Annotator "RC"]
[PlyCount "85"]
[EventDate "2023.10.14"]
[EventCountry "CZE"]
[SourceTitle "playchess.com"]
[Source "ChessBase"]
[SourceQuality "1"]
[TimeControl "40/5400+30:1800+30"]

1. e4 c5 2. Nf3 d6 3. d4 cxd4 4. Nxd4 Nf6 5. Nc3 a6 6. h3 e5 7. Nf3 Qc7 8. a4 h6 9. g3 Nc6 10. Bg2 Nb4 11. O-O Be6 12. a5 Nc6 13. Nd5 Bxd5 14. exd5 Nxa5 15. b3 Rc8 16. Bd2 b6 17. Qe2 Be7 18. Nh4 O-O 19. Nf5 Bd8 20. Rfc1 Qd7 21. Ne3 Nb7 22. Rxa6 Nc5 23. Raa1 b5 24. Be1 Bb6 25. Kh2 Nce4 26. c4 Bd4 27. Rab1 Rb8 28. b4 Ng5 29. c5 dxc5 30. bxc5 Bxe3 31. c6 Qf5 32. Qxe3 Nxd5 33. Bxd5 e4 34. Bxe4 Nxe4 35. c7 Rbc8 36. Qd3 Rfe8 37. Rxb5 Qf6 38. Kg2 Qa6 39. h4 Qa8 40. Qf3 Re6 41. Rc4 Qa6 42. Rb8 Nd6 43. Rc6 1-0

[Event "Czech Extraliga 2023-24"]
[Site "Czech Republic"]
[Date "2024.04.06"]
[Round "10.6"]
[White "Biolek, Richard Jr."]
[Black "Smolik, Jachym"]
[Result "1/2-1/2"]
[ECO "B11"]
[WhiteElo "2416"]
[BlackElo "2351"]
[Annotator "TA"]
[PlyCount "35"]
[EventDate "2023.10.14"]
[EventCountry "CZE"]
[SourceTitle "playchess.com"]
[Source "ChessBase"]
[SourceQuality "1"]
[TimeControl "40/5400+30:1800+30"]

1. e4 c6 2. Nc3 d5 3. Nf3 Bg4 4. h3 Bxf3 5. Qxf3 e6 6. g3 Nd7 7. Bg2 d4 8. Nd1 Ne7 {[%emt 0:09:48] The position is equal.} 9. d3 Ng6 10. O-O h5 11. h4 $1 Qc7 12. a4 Be7 13. Qe2 e5 14. f3 {[%emt 0:03:44] White is weak on the dark squares} (14. Bd2 $14) 14... O-O-O $11 15. Nf2 f6 16. Nh3 Bd6 17. Bd2 c5 (17... Kb8 $11 {keeps the balance.}) 18. b3 {[%emt 0:03:27] Weighted Error Value: White=0.17 (very precise) /Black=0.25 (precise) .  Mistake:       	White=2     	Black=1      Inaccurate:     	White=1     	Black=4      OK:         	White=2     	Black=2      Strong:       	White=1     	---} (18. c3 $16) 1/2-1/2

[Event "Czech Extraliga 2023-24"]
[Site "Czech Republic"]
[Date "2024.04.06"]
[Round "10.6"]
[White "Finek, Vaclav"]
[Black "Slovak, Kilian"]
[Result "1-0"]
[ECO "E60"]
[WhiteElo "2416"]
[BlackElo "2289"]
[Annotator "RC"]
[PlyCount "147"]
[EventDate "2023.10.14"]
[EventCountry "CZE"]
[SourceTitle "playchess.com"]
[Source "ChessBase"]
[SourceQuality "1"]
[TimeControl "40/5400+30:1800+30"]

1. d4 Nf6 2. c4 g6 3. g3 Bg7 4. Bg2 O-O 5. Nf3 d6 6. O-O Bf5 7. Nh4 Be4 8. Bh3 Bc6 9. Nc3 e5 10. dxe5 dxe5 11. Qb3 Nbd7 12. Rd1 Qe7 13. Be3 b6 14. Nd5 Nxd5 15. cxd5 Bb7 16. Rac1 Nf6 17. Bg2 Ne8 18. Bc5 Nd6 19. Bxd6 cxd6 20. e4 Qd7 21. Bf1 Rac8 22. Bb5 Qe7 23. Bc6 Ba6 24. Bb5 Bb7 25. Qe3 f5 26. Bc6 Ba6 27. Rc2 Rc7 28. Rdc1 fxe4 29. Qxe4 Bh6 30. Re1 Bc8 31. Bb5 Bh3 32. Bf1 Rxc2 33. Qxc2 Rc8 34. Qe4 Bd7 35. Bd3 Qf7 36. Kg2 Rf8 37. Re2 Bg5 38. Nf3 Bf5 39. Qc4 Bh3+ 40. Kxh3 Qxf3 41. Be4 Qh5+ 42. Kg2 Qg4 43. Qd3 Kg7 44. Rc2 Qd7 45. Rc6 Bd8 46. b4 Rf6 47. a4 Qf7 48. Qc2 Qd7 49. Qe2 Rf7 50. h4 h5 51. Qc2 Rf6 52. Rc8 Kh6 53. f3 Kg7 54. Qc6 Rf7 55. Ra8 Bf6 56. Bd3 g5 57. Qc4 Rf8 58. Qe4 Kg8 59. Rxf8+ Kxf8 60. hxg5 Bxg5 61. Qg6 Bd2 62. Qf6+ Kg8 63. Bf5 Qg7 64. Qxd6 Qf8 65. Qg6+ Qg7 66. Qe8+ Qf8 67. Qxh5 Qf6 68. Qg4+ Kf8 69. Be6 Bg5 70. Qc4 Kg7 71. d6 Qg6 72. d7 Bf4 73. Bg4 Bg5 74. Qc7 1-0

[Event "Czech Extraliga 2023-24"]
[Site "Czech Republic"]
[Date "2024.04.06"]
[Round "10.6"]
[White "Gnojek, Petr"]
[Black "Rydl, Jiri"]
[Result "1/2-1/2"]
[ECO "D43"]
[WhiteElo "2410"]
[BlackElo "2410"]
[Annotator "TA"]
[PlyCount "100"]
[EventDate "2023.10.14"]
[EventCountry "CZE"]
[SourceTitle "playchess.com"]
[Source "ChessBase"]
[SourceQuality "1"]
[TimeControl "40/5400+30:1800+30"]

1. d4 d5 2. c4 c6 3. Nf3 Nf6 4. Nc3 e6 5. Bg5 h6 6. Bh4 dxc4 7. e4 g5 8. Bg3 b5 9. Be2 Bb7 10. h4 g4 11. Ne5 h5 12. O-O Nbd7 13. Qc2 Nxe5 14. Bxe5 Bg7 15. Rad1 O-O 16. g3 a6 17. f3 {[%emt 0:01:12] With the idea fxg4.} Ne8 (17... c5 $11 {remains equal.}) 18. Bxg7 Nxg7 19. fxg4 hxg4 20. e5 (20. Bxg4 $16 {Black must now prevent e5.} Qe7 21. e5) 20... f5 $14 21. exf6 Rxf6 22. Rxf6 Qxf6 23. Qe4 Rd8 (23... Rf8 $11 24. Rf1 (24. Qxg4 $2 Qf2+ 25. Kh1 c5+ 26. d5 exd5 $19) 24... Nf5) 24. Qe5 Qxe5 25. dxe5 Rxd1+ 26. Bxd1 $11 {[%emt 0:00:08][%mdl 4096] Endgame. KBN-KBN} ({Much worse is} 26. Nxd1 c5 $15) 26... c5 $1 ({But not} 26... b4 $2 27. Na4 $18) 27. Bxg4 Bc6 (27... Nf5 $1 $11) 28. Kf2 $16 b4 29. Ne2 Bd5 30. Ke1 (30. Nf4 $14) 30... a5 {[%emt 0:06:12] The position is equal.} 31. a4 Bc6 32. Nf4 Bxa4 {[%emt 0:00:45] ...Bb3 is the strong threat.} 33. Kd2 $1 Bb3 34. Kc1 $1 (34. Bxe6+ $2 {loses.} Nxe6 35. Nd5 a4 (35... c3+ $2 36. Nxc3 bxc3+ 37. Kxc3 $19) 36. Ne7+ Kh7 $19) 34... c3 35. bxc3 Bc4 {[%emt 0:00:19] Prevents Nd3.} 36. cxb4 cxb4 37. Ng2 Kf7 38. Ne3 Bd3 39. Kd2 Bb5 40. Nc2 Bc4 41. h5 {[%emt 0:14:13] [#] aiming for Ne3.} Kg8 42. h6 Nf5 43. Bxf5 exf5 $11 {[%emt 0:00:04] KB-KN} 44. Nd4 a4 45. Kc1 a3 {[%emt 0:12:16] [#] Strongly threatening ...b3.} 46. Nc2 Kh7 47. Nxb4 Kxh6 48. Nc2 a2 49. Kb2 Kg5 50. Nd4 Kg4 {[%emt 0:00:13] Weighted Error Value: White=0.08 (flawless) /Black=0.12 (very precise) .  Mistake:       	White=2     	Black=3      Inaccurate:     	White=2     	Black=1      OK:         	White=17    	Black=14     Best:        	White=4     	Black=1      Strong:       	White=2     	Black=1} 1/2-1/2

[Event "Czech Extraliga 2023-24"]
[Site "Czech Republic"]
[Date "2024.04.06"]
[Round "10.6"]
[White "Burdalev, Kirill"]
[Black "Nemec, Jachym"]
[Result "0-1"]
[ECO "D45"]
[WhiteElo "2338"]
[BlackElo "2416"]
[Annotator "RC"]
[PlyCount "60"]
[EventDate "2023.10.14"]
[EventCountry "CZE"]
[SourceTitle "playchess.com"]
[Source "ChessBase"]
[SourceQuality "1"]
[TimeControl "40/5400+30:1800+30"]

1. d4 d5 2. c4 e6 3. Nf3 Nf6 4. e3 c6 5. Nc3 Nbd7 6. Be2 dxc4 7. a4 Bb4 8. Bxc4 O-O 9. O-O b6 10. Qe2 c5 11. d5 Bxc3 12. dxe6 Ne5 13. Rd1 Qe7 14. bxc3 Nxc4 15. Qxc4 Bxe6 16. Qh4 Bg4 17. h3 Bxf3 18. gxf3 Qe5 19. Bd2 Rad8 20. Be1 Qf5 21. Kg2 Rfe8 22. c4 Qc2 23. Rdc1 Qe2 24. Qf4 Re6 25. Bc3 Nh5 26. Qh4 Rg6+ 27. Kh2 Rd3 28. f4 Ng3 29. Rg1 Qxf2+ 30. Rg2 Nf1+ 0-1

[Event "Czech Extraliga 2023-24"]
[Site "Czech Republic"]
[Date "2024.04.06"]
[Round "10.7"]
[White "Kaczur, Florian"]
[Black "Velicka, Petr"]
[Result "1/2-1/2"]
[ECO "A11"]
[WhiteElo "2532"]
[BlackElo "2369"]
[Annotator "TA"]
[PlyCount "99"]
[EventDate "2023.10.14"]
[EventCountry "CZE"]
[SourceTitle "playchess.com"]
[Source "ChessBase"]
[SourceQuality "1"]
[TimeControl "40/5400+30:1800+30"]

1. Nf3 d5 2. g3 Nf6 3. Bg2 Bg4 4. c4 c6 5. Ne5 Be6 6. cxd5 Bxd5 7. Nf3 c5 8. Nc3 {[%emt 0:00:05] A11: English Opening: 1...c6.} Bc6 9. O-O e6 10. Re1 Nbd7 11. e4 e5 12. a4 Bd6 13. d3 O-O 14. Nd2 a6 $146 ({Predecessor:} 14... Re8 15. Nc4 Bf8 16. Be3 b6 17. Qb3 a6 18. Nd5 Rb8 19. Bd2 Ba8 20. Bc3 b5 21. axb5 axb5 {0-1 Ding,L (2777)-Andreikin,D (2712) Huaian IMSA blitz 2nd 2017 (17)}) 15. Nc4 Bc7 16. Ne3 b5 17. axb5 axb5 18. Rxa8 Qxa8 19. Ncd5 Ba5 20. Ne7+ Kh8 21. Rf1 Bb7 22. Ng4 (22. Qb3 $14) 22... Bd8 (22... Qe8 $11 {feels stronger.} 23. Nf5 Qe6) 23. Nxf6 $14 Nxf6 24. Nf5 Bc6 25. Be3 Nd7 26. Qc2 g6 27. Bxc5 gxf5 28. Bxf8 Nxf8 29. Rc1 Bb7 {[%emt 0:01:15] [#]} 30. d4 (30. Qc5 $1 $11 Bf6 31. Qa3 (31. Qxb5 fxe4 32. Qb4 Kg7 $16) 31... Qxa3 32. bxa3) 30... fxe4 $15 31. Qc5 Bf6 32. dxe5 Ne6 33. Qd6 $2 (33. Qxb5 $11 Nd4 34. Qb6 Bxe5 35. Rd1) 33... Bg5 $19 34. Rd1 Qa4 $2 ({Black should try} 34... e3 $19 35. Bh3 e2) 35. h4 Be7 36. Qxe7 (36. Qd7 $11 {is superior.} Bc6 37. Qc8+ Nf8 (37... Kg7 38. Rc1 $15) 38. Re1) 36... Qxd1+ $17 37. Kh2 Bc6 38. Qxf7 Qd7 $1 39. Qf6+ (39. Qf5 $15) 39... Kg8 $17 40. Bh3 Bd5 41. Qh6 Qf7 42. Qd2 Nf8 43. Kg1 {[%emt 0:03:18] [#]} (43. e6 $1 $15 Bxe6 44. Qg5+ Ng6 45. h5 Qxf2+ (45... Bxh3 46. Kxh3 Qe6+ 47. Kg2 $11) 46. Bg2) 43... Be6 (43... Ng6 $142 $1 44. h5 Ne7 (44... Nxe5 45. Qg5+ Ng6 46. hxg6 $16)) 44. Bg2 (44. Bf1 $142) 44... Qf5 $17 45. Qd4 Nd7 46. Bxe4 Qxe5 47. Qb4 Nf6 48. Bc6 Bc4 49. Qd2 Kf7 50. Bf3 1/2-1/2